 Dungeon Crawl Stone Soup version 0.29.1-1-gd02db6906a (webtiles) character file.

Game seed: 18119682376229056710

15 xian the Magician (level 2, -4/19 HPs)
             Began as a Mummy Wanderer on Oct 20, 2022.
             Was a Follower of Nemelex Xobeh.
             Slain by a worm (6 damage)
             ... on level 2 of the Dungeon.
             The game lasted 00:02:13 (1544 turns).

xian the Magician (Mummy Wanderer)                  Turns: 1544, Time: 00:02:14

Health: -4/19      AC:  6    Str: 13    XL:     2   Next: 34%
Magic:  2/5        EV: 10    Int: 17    God:    Nemelex Xobeh [*.....]
Gold:   78         SH:  0    Dex:  7    Spells: 5/6 levels left

rFire   x . .      SeeInvis .   g - +0 dagger
rCold   + . .      Faith    .   (no shield)
rNeg    + + +      Spirit   .   c - +0 ring mail
rPois   ∞          Reflect  .   i - +0 helmet
rElec   .          Harm     .   (no cloak)
rCorr   .          Rampage  .   (no gloves)
Will    .....                   (no boots)
Stlth   +.........              (no amulet)
HPRegen 0.06/turn               (no ring)
MPRegen 0.09/turn               (no ring)

@: no status effects
A: cold resistance 1, negative energy resistance 3, torment resistance 2, heat
vulnerability 1, no potions
a: Renounce Religion, Draw Escape, Draw Destruction, Draw Summoning


You were on level 2 of the Dungeon.
You worshipped Nemelex Xobeh.
Nemelex Xobeh was aware of your devotion.
You visited 1 branch of the dungeon, and saw 2 of its levels.

You collected 78 gold pieces.

Inventory:

Hand Weapons
 g - a +0 dagger (weapon)
Missiles
 j - 4 poisoned darts
Armour
 c - a +0 ring mail (worn)
 i - a +0 helmet (worn)
Scrolls
 a - a scroll of fear {unknown}
 b - 4 scrolls of blinking
 d - a scroll of poison {unknown}
 e - 5 scrolls of teleportation {unknown}
 f - a scroll of silence {unknown}
 h - a scroll of vulnerability {unknown}
 k - a scroll of amnesia {unknown}


   Skills:
 + Level 0.2 Fighting
 + Level 1.2 Armour
 + Level 1.1 Dodging
 + Level 1.1 Stealth
 + Level 2.9 Spellcasting
 + Level 1.8 Transmutations
 + Level 1.7 Air Magic
 + Level 1.0 Evocations


You had 5 spell levels left.
You knew the following spells:

 Your Spells              Type           Power      Damage    Failure   Level
a - Shock                 Conj/Air       20%        1d4       26%         1

Your spell library contained the following spells:

 Spells                   Type           Power      Damage    Failure   Level
 Sting                    Tmut/Pois      20%        1d4       26%         1
 Passwall                 Tmut/Erth      4%         N/A       36%         2
 Static Discharge         Conj/Air       5%         3-4/arc   36%         2
 Ensorcelled Hibernation  Hex/Ice        4%         N/A       50%         2
 Swiftness                Air            8%         N/A       50%         3
 Ignite Poison            Fire/Tmut/Pois 4%         N/A       65%         3
 Summon Lightning Spire   Summ/Air       5%         N/A       95%         4


Dungeon Overview and Level Annotations

Branches:
Dungeon (2/15)

Altars:
Nemelex Xobeh


Innate Abilities, Weirdness & Mutations

You are immune to poison.
Your flesh is cold resistant. (rC+)
You are immune to negative energy. (rN+++)
You are immune to unholy pain and torment.
You are vulnerable to heat. (rF-)
You do not drink.


Message History

You hit the worm.
The worm is heavily wounded.
The worm bites you.
You hit the worm.
The worm is heavily wounded.
The worm bites you.
You hit the worm.
The worm is heavily wounded.
You barely miss the worm.
The worm is heavily wounded.
The worm barely misses you.
You hit the worm but do no damage.
The worm is heavily wounded.
You hit the worm but do no damage.
The worm is heavily wounded.
The worm closely misses you.
You hit the worm.
The worm is heavily wounded.
The worm bites you.
You hit the worm.
The worm is heavily wounded.
You hit the worm.
The worm is severely wounded.
The worm bites you.
You hit the worm but do no damage.
The worm is severely wounded.
You barely miss the worm.
The worm is severely wounded.
The worm bites you!
* * * LOW HITPOINT WARNING * * *
You hit the worm.
The worm is severely wounded.
The worm barely misses you.
You hit the worm but do no damage.
The worm is severely wounded.
You hit the worm.
The worm is severely wounded.
The worm bites you.
You die...
Your body disappears without a glow.

## .###... #<
.#.!..# #. .#....
##.#.!..#
.......###
...>......
#w......#
#@......#
#######.......#
#.............#
#.............#
#.............###
#...............#
#...............#
#....##...##....#
#....#8...8#....#


You could see a worm.

Vanquished Creatures
  A dart slug (D:1)
  2 bats (D:2)
  A goblin (D:1)
  3 quokkas (D:1)
  2 ball pythons (D:1)
  2 frilled lizards (D:1)
  A rat (D:1)
12 creatures vanquished.

Notes
Turn   | Place    | Note
-------+----------+-------------------------------------------
     0 | D:1      | xian the Mummy Wanderer began the quest for the Orb.
     0 | D:1      | xian set off with the following items: a +0 club, a scroll
                  | of blinking, a +0 ring mail; and the following spells
                  | available to memorise: Shock, Sting, Static Discharge,
                  | Ignite Poison, Summon Lightning Spire.
     0 | D:1      | Reached XP level 1. HP: 13/13 MP: 4/4
   921 | D:1      | Reached XP level 2. HP: 15/19 MP: 5/5
  1059 | D:1      | Found a faded altar of an unknown god.
  1075 | D:1      | Prayed at the altar of an unknown god.
  1075 | D:1      | Became a worshipper of Nemelex Xobeh the Trickster
  1075 | D:1      | Reached * piety under Nemelex Xobeh
  1075 | D:1      | Received a gift from Nemelex Xobeh
  1310 | D:1      | Learned a level 1 spell: Shock
  1544 | D:2      | Slain by a worm

Illustrated notes

Levels and vault maps discovered:
D:1:      matt_arrival_grand_opening, layout_basic,
          ebering_ecumenical_altar_webs
D:2:      minmay_wonky_spiral, layout_basic, serial_shops,
          nicolae_shop_temple_entry_statues_fountains, serial_corexii_hall,
          corexii_hall_statues_l, corexii_hall_statues_u,
          minmay_misc_feat_more_columns, minmay_misc_feat_x

Action                   || total
-------------------------++-------
Melee: Club              ||    45
       Dagger            ||    37
       Punch             ||     1
 Cast: Shock             ||     8
Armor: Ring mail         ||    32
Dodge: Dodged            ||    41
